 Dungeon Crawl Stone Soup version 0.25.0-26-g0c896c7088 (webtiles) character file.

Game seed: 17092558439918034860

281 protoss039 the Firebug (level 6, -3/37 HPs)
             Began as an Octopode Fire Elementalist on July 2, 2020.
             Slain by an orc priest
             ... wielding a +0 trident
              (5 damage)
             ... on level 4 of the Dungeon.
             The game lasted 00:11:09 (4684 turns).

protoss039 the Firebug (Octopode Fire Elementalist) Turns: 4684, Time: 00:11:09

Health: -3/37      AC:  1    Str:  7    XL:     6   Next: 27%
Magic:  0/10       EV: 13    Int: 19    God:
Gold:   151        SH:  0    Dex: 13    Spells: 4/11 levels left

rFire    . . .     SeeInvis .   e - -1 spear (curse)
rCold    . . .     Gourm    .   (no shield)
rNeg     . . .     Faith    .   (helmet restricted)
rPois    .         Spirit   .   (no amulet)
rElec    .         Reflect  .   (no ring)
rCorr    .         Harm     .   (no ring)
MR       .....                  (no ring)
Stlth    ++++......             (no ring)
HPRegen  0.12/turn              (no ring)
MPRegen  0.12/turn              (no ring)
                                (no ring)
                                (no ring)

@: very slightly contaminated
A: almost no armour, stealthy swim, amphibious, 8 rings, constrict 8, camouflage
1, gelatinous body 1
a: no special abilities


You were on level 4 of the Dungeon.
You were not hungry.

You visited 1 branch of the dungeon, and saw 4 of its levels.

You collected 151 gold pieces.

Inventory:

Hand Weapons
 e - a cursed -1 spear (weapon)
 j - a +0 flail
Jewellery
 i - an uncursed ring of fire {unknown}
 m - an uncursed ring of ice {unknown}
Wands
 n - a wand of polymorph (4)
 p - a wand of random effects (13)
Scrolls
 a - a scroll of fear {unknown}
 c - 2 scrolls of enchant weapon {unknown}
 d - 3 scrolls of identify {unknown}
 h - 3 scrolls of random uselessness {unknown}
 l - a scroll of immolation {unknown}
Potions
 f - a potion of brilliance {unknown}
 g - 2 potions of mutation {unknown}
 k - a potion of degeneration {unknown}
Comestibles
 b - 5 rations
 o - 2 chunks of flesh


   Skills:
 + Level 0.7 Fighting
 + Level 1.9 Polearms
 - Level 2.0 Dodging
 + Level 4.1 Stealth
 + Level 3.2 Spellcasting
 + Level 2.5 Conjurations
 + Level 4.4 Fire Magic


You had 4 spell levels left.
You knew the following spells:

 Your Spells              Type           Power        Failure   Level  Hunger
a - Foxfire               Conj/Fire      ###.         3%          1    None
b - Conjure Flame         Conj/Fire      ###.....     11%         3    ###....
c - Inner Flame           Hex/Fire       ##......     19%         3    ###....

Your spell library contained the following spells:

 Spells                   Type           Power        Failure   Level  Hunger
 Sticky Flame             Conj/Fire      ###.....     34%         4    ####...
 Fireball                 Conj/Fire      ###.......   69%         5    ######.


Dungeon Overview and Level Annotations

Branches:
Dungeon (4/15)             Temple (0/1) D:4

Altars:
Okawaru

Annotations:
D:2 1 exclusion
D:3 2 transporters, SamuraiZach's ghost, amateur TrHu


Innate Abilities, Weirdness & Mutations

You cannot wear most types of armour.
You are very stealthy in the water. (Stealth+)
You are amphibious.
You can wear up to eight rings at the same time.
You can use your tentacles to constrict eight enemies at once.
Your skin changes colour to match your surroundings (Stealth+).
Your rubbery body absorbs attacks. (AC +1, EV +1)


Message History

Unknown command.
Unknown command.
The foxfire hits the orc priest but does no damage.
The orc priest is heavily wounded.
The foxfire hits the orc priest but does no damage.
The orc priest is heavily wounded.
The orc priest closely misses you.
Unknown command.
Unknown command.
Casting: Foxfire (safe; 3% risk of failure)
Confirm with . or Enter, or press ? or * to list all spells.
You conjure some foxfire!
Unknown command.
Unknown command.
The foxfire hits the orc priest but does no damage.
The orc priest is heavily wounded.
The foxfire hits the orc priest.
The orc priest is severely wounded.
The orc priest hits you from afar with a +0 trident.
You die...

............#
............#
..).).$...).#
.$..........#
............#
............# #########
..).....§..# #.......#
.....!.o§§#####.......#
####..##.@....#......[#
## ######.........#
#####.......#
.............#
.#####....).(#
#....)<.# #.......#
#.......# #########


You could see an orc priest.

Vanquished Creatures
  An orc wizard (D:4)
  Terence (D:3)
  Natasha (thrice) (D:3)
  A gnoll (D:2)
  A howler monkey skeleton (D:4)
  4 adders (D:2)
  2 worms
  2 dart slugs
  4 leopard geckos
  11 orcs
  6 bats
  10 goblins
  3 hobgoblins
  13 jackals
  A quokka (D:2)
  2 frilled lizards (D:1)
  6 kobolds
  A leopard gecko skeleton (D:4)
  6 rats
78 creatures vanquished.

Vanquished Creatures (others)
  198 foxfires
  3 plants (D:3)
201 creatures vanquished.

Grand Total: 279 creatures vanquished

Notes
Turn   | Place    | Note
-------+----------+-------------------------------------------
     0 | D:1      | protoss039 the Octopode Fire Elementalist began the quest
                  | for the Orb.
     0 | D:1      | Reached XP level 1. HP: 11/11 MP: 3/3
   233 | D:1      | Reached XP level 2. HP: 17/17 MP: 3/5
   819 | D:1      | Reached XP level 3. HP: 12/21 MP: 3/6
  1901 | D:2      | Reached XP level 4. HP: 11/27 MP: 4/7
  2351 | D:2      | Learned a level 3 spell: Conjure Flame
  2355 | D:2      | Learned a level 3 spell: Inner Flame
  2555 | D:2      | Reached skill level 1 in Polearms
  2782 | D:3      | Reached XP level 5. HP: 31/31 MP: 0/8
  3028 | D:3      | Noticed Terence
  3294 | D:3      | Found an iron altar of Okawaru.
  3313 | D:3      | Killed Terence
  3475 | D:3      | Found a transporter.
  3477 | D:3      | Found a transporter.
  3515 | D:3      | Noticed SamuraiZach's ghost (amateur TrHu)
  3674 | D:3      | Noticed Natasha
  3679 | D:3      | Killed Natasha
  3762 | D:3      | Noticed Natasha
  3967 | D:3      | Killed Natasha
  4365 | D:4      | Found a staircase to the Ecumenical Temple.
  4375 | D:4      | Reached XP level 6. HP: 13/37 MP: 6/10
  4436 | D:3      | Noticed Natasha
  4448 | D:3      | Killed Natasha
  4680 | D:4      | HP: 1/37 [orc priest/nerve-wracking pain (1)]
  4684 | D:4      | Slain by an orc priest

Illustrated notes

Levels and vault maps discovered:
D:1:      dpeg_arrival_pits, layout_basic
D:2:      layout_basic, kennysheep_generic_room_13
D:3:      layout_basic, overflow_temple_1_default,
          gammafunk_ghost_gnarly_gnolls, first_ration, uniq_terence,
          uniq_natasha
D:4:      layout_rooms, eat_drink_and_be_merry_uskayaw,
          minmay_temple_entry_sparse_star, serial_shops, kennysheep_mini_moat,
          uniq_ijyb

Skill      XL: |  1  2  3  4  5 |
---------------+----------------+-----
Stealth        | 3 4 |  4.1
Fire Magic     | 4 |  4.4
Polearms       | 1 |  1.9
Conjurations   | 2 |  2.5
Spellcasting   | 3 |  3.2
Fighting       | |  0.7
Dodging        | |  2.0

Action                   |  1- 3 |  4- 6 || total
-------------------------+-------+-------++-------
Melee: Unarmed           |    16 |       ||    16
       Constrict         |    17 |     8 ||    25
       Tentacles         |     5 |     5 ||    10
       Spear             |    47 |    46 ||    93
 Cast: Foxfire           |    36 |    96 ||   132
 Stab: Sleeping          |     4 |     4 ||     8
  Eat: Chunk             |     3 |     9 ||    12
Armor: Skin              |     4 |       ||     4
Dodge: Dodged            |    35 |    35 ||    70
